 Dungeon Crawl Stone Soup version 0.30.1-11-g7821555f0a (webtiles) character file.

Game seed: 5408892524873695448

10871 Okkudo the Severer (level 11, -36/92 HPs)
             Began as a Hill Orc Monk on Nov 30, 2023.
             Was the Champion of Beogh.
             Annihilated by a very large slime creature (42 damage)
             ... on level 12 of the Dungeon.
             The game lasted 00:59:49 (10020 turns).

Okkudo the Severer (Hill Orc Monk)                 Turns: 10020, Time: 00:59:49

Health: -36/92     AC: 25    Str: 19    XL:     11   Next: 68%
Magic:  18/18      EV: 11    Int: 11    God:    Beogh [******]
Gold:   57         SH: 12    Dex: 13    Spells: 10/10 levels left

rFire   . . .        g - +1 war axe
rCold   . . .        y - +2 kite shield
rNeg    + + +        v - +8 plate armour "Zuusekh" {rN++ Int+3}
rPois   +            q - +0 helmet
rElec   .            e - +0 cloak
rCorr   .            b - +0 pair of gloves
SInv    .            (no boots)
Will    .....        R - amulet "Saudwemn" {Faith Harm rN+++ Regen+ Int-2} Stlth
                     f - +5 ring of evasion
HPRegen 1.15/turn    L - ring of poison resistance
MPRegen 0.16/turn

%: harm (+30% outgoing, +20% incoming), faith
@: no status effects
A: walk on water
a: Renounce Religion, Smiting, Recall Orcish Followers, Give Item to Named
Follower, Resurrection


You were on level 12 of the Dungeon.
You worshipped Beogh.
Beogh was exalted by your worship.
You visited 1 branch of the dungeon, and saw 12 of its levels.

You collected 822 gold pieces.
You spent 765 gold pieces at shops.

Inventory:

Hand Weapons
 d - a +1 halberd of protection
 g - a +1 war axe (weapon)
 Z - the +7 halberd of the Forest {flame, Fragile rPois Dex+8}
   (You found it on level 11 of the Dungeon)

   Dex:       It affects your dexterity (+8).
   rPois:     It protects you from poison.
   Fragile:   It will be destroyed if unequipped.
Missiles
 r - 6 silver javelins
 E - 49 poisoned darts (quivered)
Armour
 b - a +0 pair of gloves (worn)
 e - a +0 cloak (worn)
 q - a +0 helmet (worn)
 v - the +8 plate armour "Zuusekh" (worn) {rN++ Int+3}
   (You found it on level 6 of the Dungeon)

   Int:       It affects your intelligence (+3).
   rN:        It greatly protects you from negative energy.
 y - a +2 kite shield (worn)
Jewellery
 f - a +5 ring of evasion (left hand)
 i - a ring of protection from cold
 L - a ring of poison resistance (right hand)
 P - an amulet of magic regeneration
 R - the amulet "Saudwemn" (around neck) {Faith Harm rN+++ Regen+ Int-2}
   (You bought it in a shop on level 10 of the Dungeon)

   [amulet of faith]

   It allows you to gain divine favour quickly.
   Int:       It affects your intelligence (-2).
   rN:        It renders you almost immune to negative energy.
   Regen:     It increases your rate of health regeneration.
   Harm:      It increases damage dealt and taken.
 W - a ring of fire
 X - an amulet of regeneration
Wands
 C - a wand of flame (29)
 D - a wand of acid (5)
 O - a wand of digging (5)
 Q - a wand of charming (23)
 U - a wand of mindburst (8)
Scrolls
 h - 4 scrolls of teleportation
 l - a scroll of noise
 m - a scroll of enchant weapon
 s - a scroll of brand weapon
 t - 3 scrolls of amnesia
 u - 4 scrolls of silence
 w - a scroll of torment {unknown}
 x - 3 scrolls of immolation
 B - 2 scrolls of enchant armour
 G - a scroll of summoning {unknown}
 J - 2 scrolls of fear {unknown}
 S - a scroll of poison {unknown}
 V - a scroll of blinking {unknown}
Potions
 a - a potion of berserk rage {unknown}
 c - 4 potions of ambrosia
 j - a potion of cancellation {unknown}
 k - 2 potions of mutation {unknown}
 n - a potion of brilliance
 o - 5 potions of curing
 p - a potion of resistance {unknown}
 z - a potion of flight {unknown}
 A - a potion of invisibility {unknown}
 H - 2 potions of haste {unknown}
 I - a potion of lignification {unknown}
 K - 2 potions of might {unknown}
 M - 3 potions of heal wounds
 N - a potion of degeneration {unknown}
Miscellaneous
 F - a tin of tremorstones (2/2)
 Y - a phantom mirror


   Skills:
 + Level 7.4 Fighting
 * Level 15.1 Axes
 + Level 8.4 Armour
 - Level 3.4 Dodging
 * Level 7.8 Shields
 + Level 9.4 Invocations


You had 10 spell levels left.
You didn't know any spells.
Your spell library contained the following spells:

 Spells                   Type           Power      Damage    Failure   Level
 Apportation              Tloc           0%         N/A       100%        1
 Foxfire                  Conj/Fire      0%         2x1d4     100%        1
 Magic Dart               Conj           0%         1d3       100%        1
 Necrotise                Necr           0%         1d4       100%        1
 Slow                     Hex            0%         N/A       100%        1
 Summon Small Mammal      Summ           0%         N/A       100%        1
 Poisonous Vapours        Pois/Air       0%         N/A       100%        2
 Searing Ray              Conj           0%         2d4       100%        2
 Confusing Touch          Hex            0%         N/A       100%        3
 Mephitic Cloud           Conj/Pois/Air  0%         N/A       100%        3
 Vampiric Draining        Necr           0%         2d6       100%        3
 Fulminant Prism          Conj/Hex       0%         3d5       100%        4
 Alistair's Intoxication  Tmut/Pois      0%         N/A       100%        5
 Borgnjor's Vile Clutch   Necr/Erth      0%         N/A       100%        5
 Fireball                 Conj/Fire      0%         3d3       100%        5
 Freezing Cloud           Conj/Ice/Air   0%         6-21      100%        5
 Eringya's Noxious Bog    Tmut/Pois      0%         N/A       100%        6
 Plasma Beam              Fire/Air       0%         2x1d11    100%        6
 Simulacrum               Ice/Necr       0%         N/A       100%        6
 Starburst                Conj/Fire      0%         6d3       100%        6
 Malign Gateway           Summ/Tloc      0%         N/A       100%        7
 Summon Horrible Things   Summ           0%         N/A       100%        8


Dungeon Overview and Level Annotations

Branches:
Dungeon (12/15)            Temple (0/1) D:7            Lair (0/5) D:11
    Orc (0/2) D:10

Altars:
Ashenzari
Elyvilon
Fedhas
Qazlal
Trog
Uskayaw
Xom
Yredelemnul
Zin

Shops:
D:3 !   D:9 *   D:10 =

Annotations:
D:6 2 transporters, andronian's ghost, novice MfFi
D:12 2 transporters, Ajata's ghost, journeyman VSMo


Message History

Beogh accepts your kill.
Bogric roars a battlecry!
Your orc knight goes into a battle-frenzy!
Your orc knight roars a battlecry!
You hit the large slime creature.
The large slime creature is lightly wounded.
You block the large slime creature's attack.
You slash the large slime creature!
The large slime creature is lightly wounded.
You block the large slime creature's attack.
Two slime creatures merge to form a very large slime creature.
You hit the very large slime creature.
The very large slime creature is lightly wounded.
You slash the very large slime creature!
The very large slime creature is lightly wounded.
You barely miss the very large slime creature.
The very large slime creature is lightly wounded.
The very large slime creature hits you but does no damage.
You slash the very large slime creature!
The very large slime creature is moderately wounded.
The very large slime creature hits you!
You hit the very large slime creature.
The very large slime creature is moderately wounded.
Your orc knight roars a battlecry!
Your orc wizard goes into a battle-frenzy!
You block the very large slime creature's attack.
You slice the very large slime creature!!
The very large slime creature is heavily wounded.
The very large slime creature hits you!!!
Ouch! That really hurt!
You hit the very large slime creature.
The very large slime creature is heavily wounded.
Your orc wizard gestures wildly while chanting.
Your orc wizard flickers and vanishes for a moment.
The very large slime creature hits you!!
* * * LOW HITPOINT WARNING * * *
You slash the very large slime creature!
The very large slime creature is heavily wounded.
The very large slime creature hits you!!
You die...

..# #######.#
#.#.....#.# ##
#.#..<#.#.# .#
#.#.oo..#.# .#
#.#.#.#.#.# .####
#.#.#.#.#J# ....#
#.#.#.#.#@### ....#
#.#.#...#ooo#
....####.#.#######o#
....'....>.......oo#
....####..........###
##### #........).o.#
#..........#o#######
#.............o.o.o###
#......####.©.####.o.##


You could see a very large slime creature (ally target), 2 friendly orc knights,
the friendly Bogric the orc knight (strong), a friendly orc warrior (strong) and
a friendly orc wizard (strong, invisible).

Vanquished Creatures
  A centaur warrior (D:11)
  A two-headed ogre (D:11)
  A cyclops (D:11)
  A gargoyle (D:12)
  An unseen horror (D:11)
  A dream sheep (D:8)
  2 slime creatures (D:12)
  4 shadows
  2 wyverns
  A yak (D:11)
  A wraith (D:9)
  A steam dragon (D:10)
  A water moccasin (D:7)
  An ice beast (D:6)
  A sky beast (D:7)
  The ghost of auo the Ruffian, an amateur OgTm of Dithmenos (D:3)
  2 black bears
  An ogre (D:5)
  2 centaurs
  2 kobold brigands
  A scorpion (D:4)
  2 gnoll sergeants
  2 bullfrogs (D:7)
  6 wights
  10 killer bees
  A howler monkey (D:9)
  A bullfrog zombie (D:3)
  6 orc priests
  A jelly (D:5)
  2 gnoll boudas
  A hound (D:6)
  2 sleepcaps
  3 orc wizards
  2 iguanas
  2 ogre zombies (D:10)
  2 howler monkey zombies (D:3)
  25 gnolls
  5 adders
  2 shadow imps
  2 ufetubi
  7 dart slugs
  14 orcs
  4 ball pythons
  5 bats
  2 endoplasms
  3 giant cockroaches
  4 goblins
  4 hobgoblins
  6 jackals
  21 kobolds
  2 quokkas
  2 frilled lizards
  A goblin zombie (D:10)
  A hobgoblin skeleton (D:10)
  2 hobgoblin zombies (D:10)
  An orc skeleton (D:10)
  8 orc zombies (D:10)
  2 rats
195 creatures vanquished.

Vanquished Creatures (collateral kills)
  Erica (D:8)
  A centaur warrior (D:11)
  2 two-headed ogres (D:11)
  A deep elf pyromancer (D:11)
  A cyclops (D:11)
  3 slime creatures (D:12)
  2 gargoyles
  A komodo dragon (D:12)
  A troll (D:12)
  3 dream sheep (D:8)
  A shadow (D:10)
  2 wyverns
  4 yaks (D:11)
  3 wraiths (D:11)
  A basilisk (D:11)
  An ice beast (D:6)
  2 kobold brigands
  A bullfrog (D:8)
  9 killer bees
  2 jellies
  3 orc wizards
  6 ogre zombies (D:10)
  6 gnolls
  A white imp (D:6)
  5 orcs
  A goblin skeleton (D:10)
  2 goblin zombies (D:10)
  4 kobolds
  3 orc skeletons (D:10)
  6 orc zombies (D:10)
79 creatures vanquished.

Vanquished Creatures (others)
  An orc priest (D:12)
  3 orc warriors
  An adder (D:3)
  A gnoll (D:3)
  12 orcs
  A rat (D:3)
19 creatures vanquished.

Grand Total: 293 creatures vanquished

Notes
Turn   | Place    | Note
-------+----------+-------------------------------------------
     0 | D:1      | Okkudo the Hill Orc Monk began the quest for the Orb.
     0 | D:1      | Reached XP level 1. HP: 19/19 MP: 1/1
   126 | D:1      | Noticed a shining eye
   132 | D:1      | Noticed a great orb of eyes
   136 | D:1      | Reached XP level 2. HP: 27/27 MP: 2/2
   136 | D:1      | Found a faded altar of an unknown god.
   139 | D:1      | Noticed a floating eye
   140 | D:1      | Noticed a great orb of eyes
   320 | D:1      | Reached XP level 3. HP: 31/33 MP: 3/3
   998 | D:2      | Reached XP level 4. HP: 41/41 MP: 4/4
  1174 | D:2      | Reached skill level 5 in Axes
  1431 | D:3      | Noticed a black bear
  1447 | D:3      | Killed a black bear
  1448 | D:3      | Reached skill level 5 in Fighting
  1448 | D:3      | Reached XP level 5. HP: 37/48 MP: 5/5
  1454 | D:3      | Found a broken altar of Ashenzari.
  1829 | D:3      | Found a glowing silver altar of Zin.
  1902 | D:3      | Became a worshipper of Beogh the Brigand
  1902 | D:3      | Reached * piety under Beogh
  1902 | D:3      | Reached ** piety under Beogh
  1912 | D:3      | Reached skill level 6 in Axes
  1971 | D:3      | Reached skill level 1 in Armour
  2008 | D:3      | Found Cewausk's Distillery.
  2090 | D:3      | Found a runed translucent gate.
  2090 | D:3      | Found a runed translucent gate.
  2090 | D:3      | Found a runed translucent gate.
  2095 | D:3      | Noticed auo's ghost (amateur OgTm)
  2181 | D:3      | Killed auo's ghost
  2182 | D:3      | Reached XP level 6. HP: 52/56 MP: 6/6
  2188 | D:3      | Reached skill level 7 in Axes
  2615 | D:4      | Reached XP level 7. HP: 39/61 MP: 7/7
  2794 | D:4      | Found a bloodstained altar of Trog.
  2884 | D:4      | Reached skill level 8 in Axes
  2923 | D:4      | Reached skill level 1 in Invocations
  2957 | D:4      | Identified the +1 flail of Duosalao {heavy, rN+}
  2978 | D:4      | Reached *** piety under Beogh
  3369 | D:5      | Entered Level 5 of the Dungeon
  3629 | D:5      | Reached skill level 1 in Shields
  3734 | D:5      | Found a hide-covered altar of Uskayaw.
  3810 | D:5      | Reached skill level 9 in Axes
  3810 | D:5      | Reached XP level 8. HP: 50/68 MP: 8/10
  3890 | D:5      | Found a white marble altar of Elyvilon.
  4573 | D:6      | Found a transporter.
  4594 | D:6      | Found a transporter.
  4600 | D:6      | Noticed andronian's ghost (novice MfFi)
  4634 | D:6      | Reached skill level 10 in Axes
  4759 | D:6      | Found a blossoming altar of Fedhas.
  4790 | D:6      | Identified the +8 plate armour "Zuusekh" {rN++ Int+3}
  5007 | D:7      | Gained Korbok as an ally
  5060 | D:7      | Reached **** piety under Beogh
  5090 | D:7      | Noticed a gargoyle
  5106 | D:7      | Killed a gargoyle
  5107 | D:7      | Reached skill level 5 in Armour
  5107 | D:7      | Reached skill level 5 in Invocations
  5107 | D:7      | Reached XP level 9. HP: 52/74 MP: 12/12
  5196 | D:7      | Found a staircase to the Ecumenical Temple.
  5422 | D:7      | Reached skill level 11 in Axes
  5999 | D:8      | Gained Bogric as an ally
  6083 | D:8      | Reached skill level 12 in Axes
  6232 | D:8      | Found the +5 robe of Night {Dark Will+ SInv}
  6242 | D:8      | Reached skill level 5 in Shields
  6277 | D:8      | Got the Catalogue of Contaminated Iniquitous Spells
  6302 | D:8      | Noticed Erica
  6315 | D:8      | Killed Erica
  6316 | D:8      | Reached XP level 10. HP: 63/81 MP: 15/15
  6823 | D:9      | Reached ***** piety under Beogh
  6947 | D:9      | Reached skill level 13 in Axes
  7324 | D:9      | Found Xyuxzydi's Changing Room.
  7496 | D:10     | Entered Level 10 of the Dungeon
  7563 | D:10     | Found Senotofoad's Jewellery Emporium.
  7564 | D:10     | Found a shimmering altar of Xom.
  7571 | D:10     | Found a staircase to the Orcish Mines.
  7780 | D:10     | Found a basalt altar of Yredelemnul.
  8058 | D:10     | Found a stormy altar of Qazlal.
  8300 | D:11     | Noticed a two-headed ogre
  8303 | D:11     | Killed a two-headed ogre
  8368 | D:11     | Noticed a two-headed ogre
  8376 | D:11     | Killed a two-headed ogre
  8501 | D:11     | Noticed a two-headed ogre
  8508 | D:11     | Killed a two-headed ogre
  8509 | D:11     | Reached skill level 14 in Axes
  8513 | D:11     | Reached XP level 11. HP: 91/91 MP: 17/17
  8862 | D:11     | Noticed a centaur warrior
  8864 | D:11     | Noticed a centaur warrior
  8866 | D:11     | Noticed a deep elf pyromancer
  8869 | D:11     | Noticed a cyclops
  8886 | D:11     | Killed a deep elf pyromancer
  8889 | D:11     | Killed a cyclops
  8911 | D:11     | Identified the +7 halberd of the Forest {flame, Fragile
                  | rPois Dex+8}
  8916 | D:11     | Killed a centaur warrior
  8921 | D:11     | Killed a centaur warrior
  8932 | D:11     | Identified the staff of fire "Quegher" {rF+ rC++}
  8991 | D:11     | Found a staircase to the Lair.
  9177 | D:11     | Noticed a cyclops
  9185 | D:11     | Killed a cyclops
  9479 | D:10     | Bought the amulet "Saudwemn" {Faith Harm rN+++ Regen+
                  | Int-2} for 765 gold pieces
  9614 | D:12     | Your ally Korbok died
  9700 | D:12     | Reached ****** piety under Beogh
  9742 | D:12     | Reached skill level 15 in Axes
  9792 | D:12     | Found a transporter.
  9797 | D:12     | Noticed Ajata's ghost (journeyman VSMo)
  9797 | D:12     | Noticed a moth of wrath
  9797 | D:12     | Noticed a catoblepas
  9798 | D:12     | Noticed a six-headed hydra
  9810 | D:12     | Noticed an ice dragon
  9820 | D:12     | Noticed a moth of wrath
  9821 | D:12     | Noticed a manticore
  9971 | D:12     | Found a transporter.
  9985 | D:12     | Noticed a catoblepas
 10020 | D:12     | Annihilated by a very large slime creature

Illustrated notes

Levels and vault maps discovered:
D:1:      sevenhm_arrival_forest_fort_small_6, layout_basic,
          hellmonk_ecumenical_altar_watching_god, amethyst_killhole
D:2:      layout_basic
D:3:      layout_loops_cross, ashenzari_altar_1, amcnicky_altar_gilded,
          serial_shops, shop, gammafunk_ghost_necromancy, chequers_big_river,
          roderic_serpentine_path, minmay_misc_feat_chi
D:4:      layout_loops_ring, lemuel_coloured_pillars_altar, minivault_5
D:5:      layout_gridville, mainiacjoe_overflow_surrounded_room,
          mainiacjoe_overflow_six_doors_small, kennysheep_generic_room_12
D:6:      layout_basic, fedhas_ov_isle_minmay, gammafunk_ghost_stat_death,
          dreamdust_wishing_well, hangedman_abyss_or_decor_stagger,
          grunt_ministairs_6
D:7:      minmay_recursive_quarters, layout_basic, minmay_temple_entry_junction
D:8:      layout_cave_pools, hellmonk_guarded_unrand_night, uniq_erica
D:9:      layout_loops_ring, nicolae_transmutations_shop
D:10:     layout_basic, nicolae_qazlal_eye_of_the_storm,
          mainiacjoe_overflow_catch_the_wave, zombieorc2_lemuel, serial_shops,
          shop
D:11:     nicolae_hitomezashi [nicolae_hito_row, nicolae_hito_row,
          nicolae_hito_row, nicolae_hito_row, nicolae_hito_row,
          nicolae_hito_row, nicolae_hito_row, nicolae_hito_row,
          nicolae_hito_row, nicolae_hito_row, nicolae_hito_row,
          nicolae_hito_row, nicolae_hito_row, nicolae_hito_row,
          nicolae_hito_row, nicolae_hito_row, nicolae_hito_row,
          nicolae_hito_row], layout_small_grid, lair_entry_dummy,
          minmay_liquid_box, corner_web_ring, minmay_diamond_spiral
D:12:     layout_basic, gammafunk_ghost_berserking_beasts

Skill      XL: |  1  2  3  4  5  6  7  8  9 10 11 |
---------------+----------------------------------+-----
Fighting       | 4 5 6 7 |  7.4
Dodging        | 3 |  3.4
Axes           | 5 6 7 9 10 12 14 15 | 15.1
Armour         | 1 2 3 5 6 7 8 |  8.4
Invocations    | 2 5 7 8 9 |  9.4
Shields        | 1 3 5 6 7 |  7.8

Action                     |  1- 3 |  4- 6 |  7- 9 | 10-12 || total
---------------------------+-------+-------+-------+-------++-------
  Melee: Hand axe          |    94 |    43 |       |       ||   137
         War axe           |       |    69 |   206 |   241 ||   516
  Throw: Javelin           |       |     1 |       |       ||     1
 Invoke: Convert to Beogh  |       |     1 |       |       ||     1
         Give Item to Name |       |       |       |     1 ||     1
         Recall Orcish Fol |       |       |       |     1 ||     1
    Use: Scroll            |       |     4 |     5 |     1 ||    10
         Potion            |       |     1 |     2 |       ||     3
   Stab: Distracted        |       |       |     2 |     3 ||     5
 Armour: Scale mail        |    24 |    14 |       |       ||    38
         Chain mail        |       |    16 |    56 |       ||    72
         Plate armour      |       |       |    59 |   112 ||   171
  Dodge: Dodged            |    71 |    83 |   149 |   104 ||   407
  Block: Kite shield       |       |       |    96 |   148 ||   244
